 Dungeon Crawl Stone Soup version 0.20-a0-681-geebb5fe (webtiles) character file.

2090 theclanless the Nimble (level 9, -6/46 HPs)
             Began as a Spriggan Gladiator on Feb 21, 2017.
             Was an Initiate of Ieoh Jian.
             Shot with a bolt by an orc warrior (25 damage)
             ... in a bailey.
             The game lasted 00:23:30 (6543 turns).

theclanless the Nimble (Spriggan Gladiator)         Turns: 6543, Time: 00:23:31

Health: -6/46      AC:  9    Str: 13    XL:     9   Next: 6%
Magic:  12/12      EV: 25    Int: 12    God:    Ieoh Jian [......]
Gold:   457        SH:  0    Dex: 17    Spells: 8/8 levels left

rFire    + . .     SeeInvis +   a - +1 long sword
rCold    . . .     Gourm    .   b - +0 robe
rNeg     . . .     Faith    .   (shield restricted)
rPois    .         Spirit   .   c - +2 hat
rElec    .         Reflect  .   v - +2 cloak {MR+}
rCorr    +         Harm     .   (gloves unavailable)
MR       ++...                  (boots unavailable)
Stlth    ++........             (no amulet)
Regen    0.2/turn               r - ring of resist corrosion
MPRegen  0.2/turn               o - ring of protection from fire

@: very slightly contaminated, hasted, very quick
A: unfitting armour, thin metallic scales 1, see invisible, clever 1, herbivore
3, speed 3, slow metabolism 2
a: Renounce Religion


You were in a bailey.
You worshipped Ieoh Jian.
Ieoh Jian was noncommittal.
You were not hungry.

You visited 2 branches of the dungeon, and saw 8 of its levels.
You also visited: Bailey.

You collected 457 gold pieces.

Inventory:

Hand Weapons
 a - a +1 long sword (weapon)
 g - a +0 scimitar
 t - a +0 spear
 y - a +0 arbalest
Missiles
 l - a throwing net
 q - 2 poisoned tomahawks (quivered)
 z - 3 tomahawks
 G - 138 bolts
Armour
 b - a +0 robe (worn)
 c - a +2 hat (worn)
 v - a +2 cloak of magic resistance (worn)
Jewellery
 o - a ring of protection from fire (left hand)
 r - a ring of resist corrosion (right hand)
Wands
 d - a wand of flame (24/48)
Scrolls
 w - 2 scrolls of teleportation
 x - 3 scrolls of amnesia
 A - a scroll of remove curse
 C - 2 scrolls of enchant armour
 E - 2 scrolls of recharging
 F - a scroll of identify
Potions
 e - 2 potions of curing
 h - 2 potions of haste
 i - a potion of brilliance
 n - a potion of flight
 u - 2 potions of lignification
 D - a potion of magic
Books
 m - a book of Maledictions

   Spells                             Type                      Level
   a - Corona                         Hexes                        1
   b - Ensorcelled Hibernation        Hexes/Ice                    2
   c - Confuse                        Hexes                        3
   d - Tukima's Dance                 Hexes                        3
   e - Dazzling Spray                 Conjuration/Hexes            3
 p - a book of Cantrips

   Spells                             Type                      Level
   a - Confusing Touch                Hexes                        1
   b - Animate Skeleton               Necromancy                   1
   c - Summon Small Mammal            Summoning                    1
   d - Apportation                    Translocation                1
 B - a book of Necromancy

   Spells                             Type                      Level
   a - Pain                           Necromancy                   1
   b - Animate Skeleton               Necromancy                   1
   c - Vampiric Draining              Necromancy                   3
   d - Regeneration                   Charms/Necromancy            3
   e - Animate Dead                   Necromancy                   4
   f - Control Undead                 Necromancy                   4
Comestibles
 f - 6 bread rations
 j - 6 fruits


   Skills:
 + Level 4.9 Fighting
 * Level 7.1 Long Blades
 - Level 2.0 Throwing
 + Level 9.2 Dodging
   Level 3.6 Invocations


You had 8 spell levels left.
You didn't know any spells.

Dungeon Overview and Level Annotations

Branches:
Dungeon (7/15)             Temple (1/1) D:6

Altars:
Cheibriados
Dithmenos
Elyvilon
Fedhas
Gozag
Hepliaklqana Ieoh Jian
Kikubaaqudgha
Makhleb
Nemelex Xobeh
Qazlal
Ru
Sif Muna
Trog
Uskayaw
Vehumet
Xom
Yredelemnul
Zin
The Shining One


Innate Abilities, Weirdness & Mutations

You are very small and have problems with some larger weapons.
You are too small for most types of armour.
You have supernaturally acute eyesight. (SInv)
You are a herbivore.
You cover ground extremely quickly.
You need consume almost no food.
You are partially covered in thin metallic scales. (AC +2)
Your mind is acute. (Int +2)


Message History

The poisoned tomahawk completely misses the orc.
You hear a splash.
Throwing (i - inventory. (,) - cycle):
q - a poisoned tomahawk (quivered)
Press: ? - help, Shift-Dir - straight line, f/p - orc
Aim: an orc, wielding an arbalest and wearing a scale mail (severely wounded)
You throw a poisoned tomahawk. The poisoned tomahawk hits the orc.
You kill the orc!
The council accepts your kill.
You hear a splash. x4
G - 128 bolts (gained 1)
You enter the shallow water.
Moving in this stuff is going to be slow.
q - a poisoned tomahawk;
G - 138 bolts (gained 10)
Things that are here:
an arbalest; a scale mail
z - a tomahawk
q - 2 poisoned tomahawks (gained 1);
z - 3 tomahawks (gained 2)
The orc warrior shoots a bolt.
The bolt hits you!!
Ouch! That really hurt!
You die...

≈≈≈≈≈≈≈≈≈≈##.##≈......#
###≈≈≈≈≈≈≈≈#.#≈≈......#
####≈≈≈≈≈≈≈≈≈≈(.....#
##≈≈≈≈≈≈≈≈≈......#
#≈≈≈≈≈≈≈≈......#
#≈≈≈≈≈≈≈≈......#
##≈≈≈≈)≈≈......#
#≈≈≈≈≈≈≈......#
#≈≈≈≈≈≈≈@(..(.#
#≈≈≈≈≈≈≈).((..#
#≈≈≈≈≈≈≈......#
#≈≈≈≈≈≈≈......#
≈≈≈≈≈≈≈≈≈......#
≈≈≈≈≈≈≈≈≈......#
≈≈≈≈≈≈≈......#
≈≈#o#≈≈......#


You could see an orc warrior.

Vanquished Creatures
  Grinder (D:3)
  A shadow (D:7)
  2 water moccasins
  3 orc warriors
  A sky beast (D:5)
  An ogre (D:5)
  A centaur (D:6)
  A gnoll sergeant (D:5)
  2 bullfrogs (D:6)
  A water moccasin zombie (D:5)
  A wyvern skeleton (D:6)
  A scorpion (D:5)
  A howler monkey (D:4)
  2 crimson imps (D:5)
  A hound (D:5)
  4 orc wizards
  Crazy Yiuf (D:3)
  A bullfrog skeleton (D:5)
  An iguana (D:4)
  4 worker ants
  Terence (D:3)
  A hound zombie (D:5)
  3 gnolls (D:5)
  3 adders
  A worm (D:3)
  4 dart slugs
  5 leopard geckos
  18 orcs
  4 bats
  3 giant cockroaches
  15 goblins
  10 hobgoblins
  8 jackals
  6 kobolds
  7 quokkas
  4 frilled lizards
  A giant cockroach zombie (D:6)
  A jackal skeleton (D:3)
  A leopard gecko skeleton (D:4)
  6 rats
133 creatures vanquished.

Vanquished Creatures (collateral kills)
  A scorpion (D:5)
  A worker ant zombie (D:5)
  2 gnolls (D:5)
  An adder skeleton (D:5)
5 creatures vanquished.

Vanquished Creatures (others)
  A water moccasin (D:6)
  A hound zombie (D:5)
  An adder skeleton (D:3)
  A jackal zombie (D:5)
  2 orc zombies
6 creatures vanquished.

Grand Total: 144 creatures vanquished

Notes
Turn   | Place    | Note
-------+----------+-------------------------------------------
     0 | D:1      | theclanless the Spriggan Gladiator began the quest for the Orb.
     0 | D:1      | Reached XP level 1. HP: 10/10 MP: 2/2
   186 | D:1      | Reached XP level 2. HP: 15/15 MP: 3/3
  1081 | D:2      | Reached XP level 3. HP: 16/18 MP: 4/4
  1563 | D:3      | Found a runed door.
  1576 | D:3      | Found a faded altar of an unknown god.
  1894 | D:3      | Became a worshipper of Yredelemnul the Dark
  1894 | D:3      | Reached * piety under Yredelemnul
  2318 | D:3      | Reached XP level 4. HP: 23/23 MP: 5/5
  2349 | D:3      | Reached skill level 5 in Dodging
  2419 | D:3      | Noticed Grinder
  2423 | D:3      | Noticed Terence
  2431 | D:3      | Paralysed by Grinder for 2 turns
  2433 | D:3      | Killed Grinder
  2433 | D:3      | Reached skill level 1 in Invocations
  2433 | D:3      | Reached XP level 5. HP: 18/28 MP: 5/7
  2433 | D:3      | Reached XP level 6. HP: 20/32 MP: 5/8
  2436 | D:3      | Killed Terence
  2474 | D:3      | Reached ** piety under Yredelemnul
  3082 | D:3      | Noticed Crazy Yiuf
  3092 | D:3      | Killed Crazy Yiuf
  3092 | D:3      | Reached skill level 6 in Dodging
  3151 | D:4      | Gained mutation: You are covered in fur. (AC +1) [potion of mutation]
  3151 | D:4      | Gained mutation: Your muscles are strong. (Str +2) [potion of mutation]
  3151 | D:4      | Gained mutation: You have sharp toenails. [potion of mutation]
  3323 | D:4      | Found a shadowy altar of Dithmenos.
  3527 | D:4      | Found a snail-covered altar of Cheibriados.
  3796 | D:5      | Entered Level 5 of the Dungeon
  3879 | D:5      | Reached XP level 7. HP: 36/36 MP: 9/9
  3945 | D:5      | Reached skill level 5 in Long Blades
  4172 | D:5      | Found an ancient bone altar of Kikubaaqudgha.
  4172 | D:5      | Found a blossoming altar of Fedhas.
  4315 | D:5      | Reached skill level 7 in Dodging
  4316 | D:5      | Found a hide-covered altar of Uskayaw.
  4360 | D:5      | Found a glowing golden altar of the Shining One.
  4360 | D:5      | Found a glowing silver altar of Zin.
  4360 | D:5      | Found a white marble altar of Elyvilon.
  4615 | D:5      | Reached XP level 8. HP: 28/42 MP: 11/11
  4726 | D:6      | Found a hazy altar of Hepliaklqana.
  4753 | D:6      | Found a staircase to the Ecumenical Temple.
  4772 | Temple   | Entered the Ecumenical Temple
  4949 | Temple   | Fell from the grace of Yredelemnul
  4952 | Temple   | Became a worshipper of the Ieoh Jian Council
  5291 | D:6      | Reached skill level 8 in Dodging
  5558 | D:6      | Found a sacrificial altar of Ru.
  5920 | D:7      | Found a flagged portal.
  5941 | Bailey   | Entered a bailey
  6078 | Bailey   | Lost mutation: You have sharp toenails. [potion of mutation]
  6078 | Bailey   | Lost mutation: Your muscles are strong. (Str +2) [potion of mutation]
  6078 | Bailey   | Lost mutation: You are covered in fur. (AC +1) [potion of mutation]
  6078 | Bailey   | Gained mutation: You are partially covered in thin metallic scales. (AC +2) [potion of mutation]
  6078 | Bailey   | Gained mutation: You are surrounded by a mild repulsion field. (EV +2) [potion of mutation]
  6078 | Bailey   | Gained mutation: Your flesh is heat resistant. (rF+) [potion of mutation]
  6079 | Bailey   | Lost mutation: Your flesh is heat resistant. (rF+) [potion of mutation]
  6079 | Bailey   | Lost mutation: You are surrounded by a mild repulsion field. (EV +2) [potion of mutation]
  6079 | Bailey   | Lost mutation: You are partially covered in thin metallic scales. (AC +2) [potion of mutation]
  6079 | Bailey   | Gained mutation: Your mind is acute. (Int +2) [potion of mutation]
  6079 | Bailey   | Gained mutation: You are partially covered in thin metallic scales. (AC +2) [potion of mutation]
  6122 | Bailey   | Reached skill level 9 in Dodging
  6359 | Bailey   | Reached XP level 9. HP: 17/46 MP: 12/12
  6543 | Bailey   | Shot with a bolt by an orc warrior

Vault maps used:
D:1:      matt_arrival_spirals
D:3:      cheibrodos_greedy_goblins, chequers_ecumenical_altar_island,
          kennysheep_generic_room_11, uniq_terence, uniq_crazy_yiuf_cottage,
          uniq_grinder
D:4:      cheibriados_altar_1, first_bread, kennysheep_nondescript,
          nicolae_dithmenos_shadow_blocks
D:5:      good_gods_mini_temple, grunt_temple_overflow_growth_and_decay,
          eat_drink_and_be_merry_uskayaw, grunt_ministairs_5
D:6:      nicolae_overflow_hidden_temple, nicolae_ru_sacrificial_ziggurat,
          minmay_temple_entry_statues_pillars
D:7:      cheibrodos_ashenzari_chains, gammafunk_temple_overflow_statue,
          enter_bailey_3, kb_rosetta, uniq_joseph
Temple:   jpeg_temple_alley_garden
Bailey:   bailey_polearm_2, bailey

Skill      XL: |  1  2  3  4  5  6  7  8 |
---------------+-------------------------+-----
Fighting       | 2 3 4 |  4.9
Long Blades    | 3 4 5 7 |  7.1
Dodging        | 5 6 7 9 |  9.2
Invocations    | 1 2 3 |  3.6
Throwing       | |  2.0

Action                   |  1- 3 |  4- 6 |  7- 9 || total
-------------------------+-------+-------+-------++-------
Melee: Long sword        |   106 |   130 |   217 ||   453
       Kick              |       |    16 |    92 ||   108
 Fire: Arbalest          |       |       |    16 ||    16
Throw: Throwing net      |       |     5 |     1 ||     6
       Tomahawk          |       |       |    11 ||    11
Invok: Animate Remains   |     2 |    15 |     9 ||    26
       Renounce Religion |       |       |     1 ||     1
  Use: Scroll            |     7 |     4 |     7 ||    18
       Potion            |     1 |     4 |     8 ||    13
 Stab: Sleeping          |     3 |     1 |     1 ||     5
       Held in net/web   |       |     1 |     1 ||     2
       Invisible         |       |       |    12 ||    12
  Eat: Royal jelly       |       |     3 |       ||     3
       Bread ration      |       |       |     1 ||     1
Armor: Robe              |     9 |    17 |    33 ||    59
Dodge: Dodged            |    80 |   143 |   244 ||   467
       Rpst.: Long sword |    28 |    53 |    73 ||   154
